 Dungeon Crawl Stone Soup version 0.28.0-53-g5a82cb258f (webtiles) character file.

Game seed: 1810908287010186475

2111 firemarshallily the Skirmisher (level 9, -1/66 HPs)
             Began as a Demonspawn Gladiator on June 22, 2022.
             Slain by a vampire (5 damage)
             ... on level 8 of the Dungeon.
             The game lasted 00:14:29 (7068 turns).

firemarshallily the Skirmisher (DsGl)               Turns: 7068, Time: 00:14:30

Health: -1/66      AC: 10    Str: 24    XL:     9   Next: 7%
Magic:  8/8        EV: 12    Int:  9    God:
Gold:   384        SH:  0    Dex: 16    Spells: 8/8 levels left

rFire   . . .      SeeInvis .   a - +0 flail
rCold   . . .      Faith    .   (no shield)
rNeg    . . .      Spirit   .   m - +0 ring mail
rPois   .          Reflect  .   (helmet restricted)
rElec   .          Harm     .   j - +1 cloak
rCorr   .          Rampage  .   (no gloves)
Will    .....                   (no boots)
Stlth   +.........              (no amulet)
HPRegen 0.21/turn               n - +6 ring of strength
MPRegen 0.11/turn               (no ring)

@: hasted, unable to read, very quick
A: antennae 1, slimy green scales 1, foul stench 1, spiny 2, frail 1, low MP 1,
inability to read while threatened
a: no special abilities


You were on level 8 of the Dungeon.
You visited 1 branch of the dungeon, and saw 7 of its levels.

You collected 384 gold pieces.

Inventory:

Hand Weapons
 a - a +0 flail (weapon)
Missiles
 d - 4 throwing nets
 e - 11 curare-tipped darts
 g - 13 poisoned darts
 i - 244 stones (quivered)
 l - 8 boomerangs
Armour
 j - a +1 cloak (worn)
 k - a +0 scale mail of fire resistance
 m - a +0 ring mail (worn)
Jewellery
 n - a +6 ring of strength (left hand)
Wands
 u - a wand of mindburst (4)
Scrolls
 p - 2 scrolls of teleportation
 s - a scroll of amnesia
 t - a scroll of magic mapping
Potions
 f - 3 potions of flight


   Skills:
 * Level 7.8 Fighting
 * Level 7.4 Maces & Flails
 - Level 2.0 Throwing
 + Level 4.5 Armour
 - Level 3.0 Dodging


You had 8 spell levels left.
You didn't know any spells.
Your spell library contained the following spells:

 Spells                   Type           Power      Damage    Failure   Level
 Corpse Rot               Necr/Air       0%         N/A       67%         2
 Poisonous Vapours        Pois/Air       0%         N/A       67%         2
 Conjure Flame            Conj/Fire      0%         6-21      88%         3
 Ignite Poison            Fire/Tmut/Pois 0%         N/A       88%         3
 Olgreb's Toxic Radiance  Pois           0%         N/A       99%         4
 Sticky Flame             Conj/Fire      0%         2d3       99%         4
 Ozocubu's Refrigeration  Ice            0%         4d5       100%        7
 Ignition                 Fire           0%         3d3       100%        8


Dungeon Overview and Level Annotations

Branches:
Dungeon (8/15)
 Temple: D:4-7         Lair: D:8-11

Altars:
Dithmenos
Elyvilon
Hepliaklqana
Kikubaaqudgha
Ru
Uskayaw
Zin


Innate Abilities, Weirdness & Mutations

You have a pair of small antennae on your head.
You are partially covered in slimy green scales. (AC +2)
You may rarely emit foul miasma when damaged in melee.
You are mostly covered in sharp spines.
You are frail. (-10% HP)
Your magical capacity is low. (-10% MP)
You sometimes lose the ability to read scrolls when taking damage.


Message History

You feel less wooden.
Your +1 cloak unmelds from your body.
Your +0 ring mail unmelds from your body.
Something hits you. Something bites you but does no damage.
It was a potion of haste.
You feel yourself speed up. The ice beast completely misses you.
Something hits you but does no damage. Something bites you but does no damage.
You thump something!
The ice beast hits you but does no damage.
Something hits you.
You feel threatened and lose the ability to read scrolls!
Something completely misses you.
You hit something.
The ice beast hits you but does no damage.
Something hits you. Something bites you but does no damage.
You sock the ice beast!
The ice beast is heavily wounded.
The ice beast is struck by your spines. The ice beast hits you.
The ice beast freezes you!
You hit the ice beast but do no damage.
The ice beast is almost dead.
Something hits you! Something barely misses you.
You barely miss the ice beast.
The ice beast is almost dead.
The ice beast is struck by your spines.
You kill the ice beast!
Something draws life force from you!
* * * LOW HITPOINT WARNING * * *
You feel better.
You hit something but do no damage. Something hits you!
* * * LOW HITPOINT WARNING * * *
Something bites you.
* * * LOW HITPOINT WARNING * * *
Something draws strength from your injuries!
You hit something but do no damage. Something hits you.
* * * LOW HITPOINT WARNING * * *
Something bites you but does no damage.
You miss something. You sock something! Something hits you but does no damage.
Something bites you.
You die...

#. .....#
##.##....#
..$.....####
###..........
..........# #
#........#
#...#..{....#
.......@...#######
#...#####..^......
# ##.#############
#..............
###############


There were no monsters in sight!

Vanquished Creatures
  A centaur zombie (D:7)
  A sky beast (D:8)
  2 orc warriors
  A black bear (D:5)
  An ice beast (D:8)
  2 ogres
  2 necrophages
  A phantom (D:7)
  A scorpion (D:7)
  A water moccasin zombie (D:3)
  2 jellies (D:4)
  A hound (D:4)
  2 centaur skeletons
  5 orc priests
  Jessica (D:2)
  Ijyb (D:4)
  Terence (D:2)
  2 iguanas
  5 orc wizards
  Natasha (thrice) (D:2)
  6 adders
  A white imp (D:7)
  An ufetubus (D:5)
  An adder zombie (D:5)
  2 worms
  7 dart slugs
  16 orcs
  8 ball pythons
  7 endoplasms
  2 giant cockroaches
  2 goblins
  6 hobgoblins
  6 jackals
  7 kobolds
  6 quokkas
  4 bats
  5 frilled lizards
  7 rats
130 creatures vanquished.

Vanquished Creatures (others)
  A plant (D:1)
1 creature vanquished.

Grand Total: 131 creatures vanquished

Notes
Turn   | Place    | Note
-------+----------+-------------------------------------------
     0 | D:1      | firemarshallily the Demonspawn Gladiator began the quest
                  | for the Orb.
     0 | D:1      | Reached XP level 1. HP: 16/16 MP: 1/1
   203 | D:1      | Gained mutation: You are partially covered in sharp spines.
                  | [demonic ancestry]
   203 | D:1      | Reached XP level 2. HP: 23/23 MP: 2/2
   620 | D:1      | Found a faded altar of an unknown god.
   739 | D:1      | Reached XP level 3. HP: 27/28 MP: 3/3
   866 | D:2      | Found a shadowy altar of Dithmenos.
   996 | D:2      | Noticed Jessica
  1003 | D:2      | Killed Jessica
  1004 | D:2      | Reached XP level 4. HP: 33/35 MP: 4/4
  1132 | D:2      | Reached skill level 1 in Armour
  1367 | D:2      | Noticed Natasha
  1379 | D:2      | Killed Natasha
  1694 | D:2      | Noticed Terence
  1707 | D:2      | Killed Terence
  1708 | D:2      | Reached XP level 5. HP: 9/41 MP: 5/5
  1719 | D:2      | Noticed Natasha
  2006 | D:2      | Killed Natasha
  2398 | D:2      | Noticed Natasha
  2402 | D:2      | Killed Natasha
  2709 | D:3      | Gained mutation: You may rarely emit foul miasma when
                  | damaged in melee. [demonic ancestry]
  2709 | D:3      | Reached XP level 6. HP: 36/48 MP: 6/6
  3203 | D:3      | Found a sacrificial altar of Ru.
  3285 | D:3      | Reached skill level 5 in Fighting
  3285 | D:3      | Reached skill level 5 in Maces & Flails
  3285 | D:3      | Gained mutation: You are mostly covered in sharp spines.
                  | [demonic ancestry]
  3285 | D:3      | Reached XP level 7. HP: 46/56 MP: 7/7
  3588 | D:4      | Found a hazy altar of Hepliaklqana.
  4441 | D:4      | Noticed Ijyb
  4446 | D:4      | Killed Ijyb
  5034 | D:5      | Entered Level 5 of the Dungeon
  5050 | D:5      | Gained mutation: You have a pair of small antennae on your
                  | head. [demonic ancestry]
  5050 | D:5      | Reached XP level 8. HP: 57/64 MP: 8/8
  5184 | D:5      | Found an ancient bone altar of Kikubaaqudgha.
  5184 | D:5      | Found a hide-covered altar of Uskayaw.
  5700 | D:5      | You fall into a shaft and drop 2 floors!
  5759 | D:7      | Gained mutation: You have hidden genetic defects. [potion
                  | of mutation]
  5759 | D:7      | Gained mutation: You are frail. (-10% HP) [potion of
                  | mutation]
  5762 | D:7      | HP: 2/130 [orc warrior/+0 scimitar (15)]
  6192 | D:7      | Gained mutation: You sometimes lose the ability to read
                  | scrolls when taking damage. [hidden defects]
  6741 | D:8      | Gained mutation: You are partially covered in slimy green
                  | scales. (AC +2) [demonic ancestry]
  6741 | D:8      | Reached XP level 9. HP: 18/65 MP: 9/9
  6751 | D:8      | Gained mutation: Your magical capacity is low. (-10% MP)
                  | [hidden defects]
  6751 | D:8      | Lost mutation: You have hidden genetic defects. [hidden
                  | defects expressed]
  7068 | D:8      | Slain by a vampire

Illustrated notes

Levels and vault maps discovered:
D:1:      dpeg_arrival_rhombus, layout_basic, dilly_ecumenical_altar_fadedgnrine
D:2:      layout_basic, basic_altar, uniq_natasha, uniq_terence, uniq_jessica
D:3:      layout_rooms, marbit_many_paths
D:4:      layout_cave_pools, mainiacjoe_overflow_alcove_2, old_standard_altar,
          hangedman_decor_clover_reticule, minmay_misc_feat_tower,
          minmay_pentangle, uniq_ijyb
D:5:      layout_loops_ring, grunt_temple_overflow_open, zin_academy,
          minmay_temple_entry_nine_rooms
D:7:      layout_basic
D:8:      layout_loops_ring, chequers_temple_overflow_statue_of_worship,
          grunt_lair_entry_orc_guard_hut, gammafunk_ghost_spectres,
          uniq_maurice, uniq_psyche

Skill      XL: |  1  2  3  4  5  6  7  8 |
---------------+-------------------------+-----
Maces & Flails | 3 4 5 6 7 |  7.4
Throwing       | 2 |  2.0
Dodging        | 3 |  3.0
Fighting       | 3 4 5 6 7 |  7.8
Armour         | 1 2 3 4 |  4.5

Action                   |  1- 3 |  4- 6 |  7- 9 || total
-------------------------+-------+-------+-------++-------
Melee: Flail             |    56 |   111 |   165 ||   332
       Punch             |     1 |     2 |     2 ||     5
Throw: Stone             |       |     2 |       ||     2
       Dart              |       |     1 |       ||     1
  Use: Scroll            |     1 |     3 |     4 ||     8
       Potion            |       |     1 |    10 ||    11
 Stab: Sleeping          |     1 |       |       ||     1
Armor: Leather armour    |    16 |    40 |    17 ||    73
       Skin              |       |       |    37 ||    37
       Ring mail         |       |       |    31 ||    31
Dodge: Dodged            |    34 |    72 |    78 ||   184
